Unix NetHack Version 3.7.0-94 Work-in-progress - last build Dec 18 2023 00:11:04 (7e3deff068b9ef4f2ebb9a71ea0f5c4a3b578a14,branch:master). Game began 2023-12-29 14:37:07, ended 2023-12-29 16:06:42. elenmirie, lawful female human Knight ----- --------------- |...| |.............| |....# ------ |.............| |...|## ###############-...>| |.............| |....#################### |....| |.............| #....| # |....| |.............| #|...- ## ###-....| --|-----.----+- #----- # ## |....| ## #### # # # ----------## ----|- # #### # ### ..........# ## Z # # # # |........| # @ # # # # --------- #.........| ### # -----u-- ####### %## ##|.......| ####---------- -.-|---- |.[.[)[| -----.-----.-# #|........## |......| |[.....| |...........|# #........| |......| |[[[...| |...........|# -------.- |......| -------- |..........%.# -------- |....<......| ------------- Elenmirie the Esquire St:17 Dx:10 Co:12 In:7 Wi:14 Ch:18 Lawful Dlvl:3 $:303 HP:0(26) Pw:20(20) AC:2 Xp:3/77 T:2457 Hungry Latest messages: Arod drops a ya. Arod picks up a bronze plate mail. Arod drops a bronze plate mail. Arod picks up a ya. Arod drops a ya. Arod picks up a bronze plate mail. Arod drops a bronze plate mail. Arod picks up a ya. Arod drops a ya. You are beginning to feel weak. You can move again. You kill the floating eye! You miss the manes. The manes misses! The manes hits! The manes bites! You miss the manes. You destroy the manes! Arod picks up a ya. You miss the kitten. The kitten bites! The kitten bites! You hit the kitten. The kitten bites! You kill the kitten! Arod drops a ya. You kill the jackal! You kill the giant bat! You see here a jackal corpse. There is a jackal corpse here; eat it? [ynq] (n) y This jackal corpse is tough. You stop eating the jackal corpse. There is a partly eaten jackal corpse here; eat it? [ynq] (n) n What do you want to eat? [gho or ?*] k You cannot eat that! You hit the orc zombie. The orc zombie hits! You miss the orc zombie. The orc zombie hits! You hit the orc zombie! You miss the orc zombie. You are beginning to feel hungry. You miss the orc zombie. The orc zombie hits! You die... Do you want your possessions identified? [ynq] (y) y Do you want to see your attributes? [ynq] (y) y Do you want an account of creatures vanquished? [ynaq] (y) y Do you want to see your conduct and achievements? [ynq] (y) y Do you want to see the dungeon overview? [ynq] (y) y Inventory: Coins $ - 303 gold pieces Weapons j - an uncursed +0 ya a - an uncursed corroded +1 long sword (weapon in right hand) b - an uncursed +1 lance (alternate weapon; not wielded) Armor d - an uncursed corroded +0 helmet (being worn) f - an uncursed +0 pair of leather gloves (being worn) s - an uncursed +0 small shield (being worn) q - an uncursed +0 elven cloak (being worn) x - an uncursed +0 elven mithril-coat (being worn) Comestibles g - 10 uncursed apples h - 12 uncursed carrots o - an uncursed fortune cookie Scrolls r - a cursed scroll of blank paper Potions i - an uncursed potion of confusion t - a blessed potion of gain energy w - an uncursed potion of gain energy m - an uncursed potion of water Rings p - an uncursed ring of regeneration Wands n - an uncursed wand of digging (0:3) k - an uncursed wand of sleep (0:4) Tools e - an uncursed lock pick l - an uncursed tin whistle Elenmirie the Knight's attributes: Background: You were an Esquire, a level 3 female human Knight. You were lawful, on a mission for Lugh who was opposed by Brigit (neutral) and Manannan Mac Lir (chaotic). You were right-handed. You were in the Dungeons of Doom, on level 3. You entered the dungeon 2457 turns ago. There was a full moon in effect when your adventure ended. You had 77 experience points, 3 more were needed to attain level 4. Basics: You had 0 out of 26 hit points. You had all 20 energy points (spell power). Your armor class was 2. Your wallet contained 303 zorkmids. Autopickup was on for '$' plus thrown. Final Characteristics: Your strength was 17 (limit:18/100). Your dexterity was 10 (limit:18). Your constitution was 12 (limit:18). Your intelligence was 7 (limit:18). Your wisdom was 14 (limit:18). Your charisma was 18 (limit:18). Final Status: You were hungry. You were unencumbered. You were wielding a long sword. You had basic skill with long sword. Final Attributes: You were piously aligned. You were stealthy. You could jump. You were guarded. You were lucky. You are dead. Miscellaneous: You never encountered a bones level. Total elapsed playing time was 41 minutes and 10 seconds. Major events: Turn 1: elenmirie the lawful female human Knight entered the dungeon 951: attained the rank of Esquire (level 3) 2457: killed by an orc zombie Vanquished creatures: a floating eye a kitten a giant bat a manes a large kobold a yellow mold a green mold a gecko a jackal 3 kobolds 6 goblins a sewer rat 2 grid bugs 2 lichens a kobold zombie 5 newts 29 creatures vanquished. No species were genocided or became extinct. Voluntary challenges: You read items or engraved 2 times. You never engraved Elbereth. You never genocided any monsters. You never polymorphed an object. You never changed form. You used no wishes. Achievements: You attained the rank of Esquire. You entered a shop. The Dungeons of Doom: levels 1 to 3 Level 1: Level 2: Some altars. Level 3: <- You were here. An armor shop. Final resting place for you, killed by an orc zombie. Game over: ---------- / \ / REST \ / IN \ / PEACE \ / \ | elenmirie | | 303 Au | | killed by an orc | | zombie | | | | | | 2023 | *| * * * | * _________)/\\_//(\/(/\)/\//\/|_)_______ Fare thee well elenmirie the Knight... You died in The Dungeons of Doom on dungeon level 3 with 691 points, and 303 pieces of gold, after 2457 moves. You were level 3 with a maximum of 26 hit points when you died.